 Dungeon Crawl Stone Soup version 0.16.2-12-gd0ad4c3 (webtiles) character file.

171336 faibistes the Eclecticist (level 17, 0/97 HPs)
             Began as a Deep Elf Wizard on Feb 11, 2018.
             Was the Champion of Sif Muna.
             Slain by a wolf spider (7 damage)
             ... on level 2 of the Spider Nest on Feb 12, 2018.
             The game lasted 03:00:52 (57179 turns).

faibistes the Eclecticist (Deep Elf Wizard)        Turns: 57179, Time: 03:00:52

Health: 0/97       AC: 12    Str:  4    XL:     17   Next: 39%
Magic:  36/50      EV: 22    Int: 31    God:    Sif Muna [******]
Gold:   455        SH:  0    Dex: 10    Spells: 13 memorised, 1 level left

rFire  + + .     SeeInvis .     v - staff of poison
rCold  . . .     Clarity  +     t - +2 robe {Archmagi}
rNeg   . . .     SustAb   .     (no shield)
rPois  +         Gourm    .     b - +0 hat
rElec  .         Spirit   .     T - +2 cloak
rCorr  .         Warding  .     h - +2 pair of gloves
rMut   .         Stasis   .     s - +1 pair of boots
MR     .....                    c - amulet of clarity
Stlth  ++........               D - +6 ring of evasion
                                y - ring of Strushryh {Wiz +Blink rF++ MR- MP+9 Dex-3}

@: repel missiles, not resistant to hostile enchantments, unstealthy
A: no striking features
a: Channel Energy, Forget Spell, Renounce Religion, Evoke Blink


You were on level 2 of the Spider Nest.
You worshipped Sif Muna.
Sif Muna was exalted by your worship.
You were not hungry.

You visited 6 branches of the dungeon, and saw 33 of its levels.

You collected 3026 gold pieces.
You spent 2571 gold pieces at shops.

Inventory:

Hand weapons
 w - a +7 dagger of venom
 S - the +3 falchion "Qefret" {flame, rElec rPois rN++ MP-9 Int-2}
   (You found it on level 7 of the Dungeon)

   It has been specially enchanted to burn those struck by it, causing extra
   injury to most foes and up to half again as much damage against particularly
   susceptible opponents.
   Big, fiery blades are also staple armaments of hydra-hunters.
   It affects your intelligence (-2).
   It insulates you from electricity.
   It protects you from poison.
   It greatly protects you from negative energy.
   It affects your magic capacity (-9).
 W - a +2 spear of venom
Armour
 b - a +0 hat (worn)
 h - a +2 pair of gloves (worn)
 s - a +1 pair of boots (worn)
 t - a +2 robe of the Archmagi (worn)
 H - a +2 robe of magic resistance
 T - a +2 cloak (worn)
Magical staves
 v - an uncursed staff of poison (weapon)
Jewellery
 c - an amulet of clarity (around neck)
 e - an uncursed ring of protection from fire
 o - an uncursed ring of protection from cold
 y - the ring of Strushryh (left hand) {Wiz +Blink rF++ MR- MP+9 Dex-3}
   (You found it on level 1 of the Spider Nest)

   [ring of wizardry]

   It improves your spell success rate.
   It affects your dexterity (-3).
   It greatly protects you from fire.
   It affects your resistance to hostile enchantments.
   It affects your magic capacity (+9).
   It lets you blink.
 D - a +6 ring of evasion (right hand)
 M - an uncursed ring of invisibility
 U - an uncursed ring of positive energy
Magical devices
 a - a wand of enslavement (12)
 k - a wand of enslavement (9)
 p - a wand of disintegration (14)
 q - a wand of lightning (0)
 z - a wand of cold (4)
 A - a wand of digging (8)
 E - a wand of fire (3)
 K - a wand of cold (0)
 N - a wand of paralysis (12)
 O - a wand of lightning (3)
Scrolls
 l - 5 scrolls of magic mapping
 n - 2 scrolls of recharging
 u - 4 scrolls of fear
 x - 13 scrolls of teleportation
 J - 4 scrolls of identify
 P - 2 scrolls of blinking
 R - a scroll of fog
 Y - 12 scrolls of remove curse
Potions
 f - a potion of flight
 g - a potion of invisibility
 i - 6 potions of restore abilities
 j - a potion of haste
 B - 3 potions of cure mutation
 C - 2 potions of magic
 G - 4 potions of resistance
 I - 11 potions of curing
 Q - 5 potions of heal wounds
 V - 6 potions of brilliance
 Z - a potion of cancellation
Miscellaneous
 r - a lamp of fire
Comestibles
 d - 17 bread rations
 m - 16 meat rations
 X - 5 royal jellies


   Skills:
 + Level 8.2 Fighting
 - Level 10.0 Dodging
 - Level 2.4 Stealth
 * Level 17.5 Spellcasting
 * Level 12.3 Conjurations
 - Level 7.0 Charms
 - Level 4.1 Summonings
 - Level 11.0 Translocations
 - Level 3.2 Transmutations
 * Level 13.0 Fire Magic
 - Level 3.8 Air Magic
 * Level 12.4 Earth Magic
 - Level 2.5 Poison Magic
 - Level 10.0 Invocations
 - Level 9.0 Evocations


You had one spell level left.
You knew the following spells:

 Your Spells              Type           Power        Failure   Level  Hunger
a - Magic Dart            Conj           ####         0%          1    None
b - Conjure Flame         Conj/Fire      ########     1%          3    None
c - Summon Forest         Summ/Tloc      #######...   1%          5    None
d - Blink                 Tloc           N/A          1%          2    None
e - Mephitic Cloud        Conj/Pois/Air  #######.     1%          3    None
f - Repel Missiles        Chrm/Air       ######       1%          2    None
h - Sticky Flame          Conj/Fire      ########     1%          4    None
i - Ignite Poison         Fire/Trmt      #######...   1%          5    None
j - Iron Shot             Conj/Erth      ########..   1%          6    #......
l - Lee's Rapid Deconstr  Erth           ########..   1%          5    None
v - Bolt of Magma         Conj/Fire/Erth ########..   1%          5    None
x - Force Lance           Conj/Tloc      #######.     1%          4    None
z - Fireball              Conj/Fire      ########..   1%          5    None


Dungeon Overview and Level Annotations

Branches:
Dungeon (15/15)            Temple (1/1) D:6            Lair (8/8) D:9
  Swamp (0/5) Lair:3       Spider (3/5) Lair:5        Slime (0/6) Lair:6
    Orc (4/4) D:11            Elf (2/3) Orc:3        Vaults (0/5) D:14
 Depths (0/5) D:15

Altars:
Ashenzari
Cheibriados
Dithmenos
Elyvilon
Fedhas
Gozag
Kikubaaqudgha
Makhleb
Nemelex Xobeh
Okawaru
Qazlal
Ru
Sif Muna
Trog
Vehumet
Xom
Yredelemnul
Zin
The Shining One
Beogh
Jiyva

Shops:
D:10 !   D:12 *   Orc:2 !   Orc:4 *?*(   Elf:2 :


Message History

The trapdoor spider seems to burn from within!
You kill the trapdoor spider!
The trapdoor spider seems to burn from within!
The trapdoor spider is almost dead.
The tarantella seems to burn from within!
You kill the tarantella!
The wolf spider seems to burn from within!
The wolf spider is severely wounded.
The wolf spider completely misses you. x2
The trapdoor spider bites you! The wolf spider hits you!
The wolf spider bites you!
* * * LOW HITPOINT WARNING * * *
Casting: Ignite Poison
Confirm with . or Enter, or press ? or * to list all spells.
You feel a surge of power!
You miscast Ignite Poison.
Sif Muna protects you from the effects of your miscast!
The trapdoor spider bites you!
* * * LOW HITPOINT WARNING * * *
The wolf spider misses you. The wolf spider bites you!
You die...

### . ## #.#..
... ##§ .....#
..#≈#.§ #....#
#≈....#....##.
.^.#...s†.......#
.......†@........
.....###s.##...^≈
. ..... #
.......^ ≈
#####≈..## ≈ ####
. ≈≈#


You could see a wolf spider and a trapdoor spider.

Vanquished Creatures
  Rupert (Lair:5)
  An orc warlord (Orc:2)
  Maud (D:14)
  Louise (Elf:2)
  Gastronok (Orc:4)
  A fire dragon (Lair:8)
  Snorg (Lair:4)
  A deep elf high priest (Elf:1)
  Fannar (Orc:4)
  7 hydras
  Harold (Lair:1)
  Nessos (D:12)
  Erica (Lair:1)
  18 dancing weapons
  A rakshasa (D:15)
  2 tengu warriors (D:14)
  14 death yaks
  6 centaur warriors
  Urug (Spider:1)
  Nergalle (Orc:4)
  3 orc high priests
  Erolcha (D:11)
  13 deep elf knights
  2 unseen horrors
  6 deep elf summoners
  A giant orange brain (D:15)
  A harpy (shapeshifter) (D:15)
  5 orc knights
  9 hill giants
  2 orb spiders
  A wizard (D:14)
  5 deep elf conjurers
  A wolf spider zombie (D:13)
  7 wolf spiders
  A moth of wrath (Spider:2)
  5 orc sorcerers
  A cyclops (shapeshifter) (D:15)
  A manticore (D:14)
  15 ugly things
  A black mamba (shapeshifter) (D:15)
  A hornet (Spider:1)
  Maurice (Orc:2)
  6 black mambas
  3 cyclopes
  Joseph (D:7)
  An eye of devastation (shapeshifter) (D:15)
  3 torpor snails
  A queen ant (Lair:6)
  19 spiny frogs
  8 demonic crawlers
  5 yaktaurs (D:15)
  An efreet (D:15)
  A yaktaur (shapeshifter) (D:14)
  An elf (shapeshifter) (D:12)
  3 kobold demonologists (D:13)
  A queen bee (shapeshifter) (D:14)
  13 komodo dragons
  8 trolls
  8 deep elf priests
  A harpy zombie (D:15)
  2 polar bears
  17 blink frogs
  16 jumping spiders
  Grinder (D:6)
  2 fire drakes (Lair:8)
  A boulder beetle (Spider:2)
  A raven (shapeshifter) (D:15)
  A raven (D:15)
  2 wyverns
  8 slime creatures (D:15)
  A baby alligator (Lair:3)
  6 two-headed ogres
  8 trapdoor spiders
  2 shadows
  10 basilisks
  18 tarantellas
  16 deep elf magi
  2 wraiths (D:13)
  40 yaks
  29 redbacks
  A redback (shapeshifter) (D:15)
  Eustachio (D:7)
  2 hungry ghosts
  2 fire bats (Lair:6)
  12 wolves
  16 hippogriffs
  3 steam dragons
  7 vampire mosquitoes
  25 deep elf fighters
  4 mottled dragons
  48 orc warriors
  6 wargs
  16 water moccasins
  21 porcupines
  2 phantoms
  9 soldier ants
  3 sky beasts
  14 spiders
  3 swamp drakes (Lair:8)
  2 eyes of draining
  13 ice beasts
  24 centaurs
  A wasp (D:11)
  A boring beetle (Lair:8)
  18 ogres
  Duvessa (D:4)
  4 big kobolds
  33 giant frogs
  12 crocodiles
  A wyvern zombie (D:14)
  6 killer bees
  5 scorpions
  7 wights
  Dowan (D:4)
  8 crimson imps
  2 giant frog zombies
  3 goliath beetles
  15 hounds
  16 jellies
  A quasit (D:14)
  8 centaur zombies
  Crazy Yiuf (D:7)
  3 electric eels
  4 giant frog skeletons
  24 orc priests
  6 centaur skeletons
  28 worker ants
  28 orc wizards
  14 iguanas
  A gnoll shaman (D:4)
  21 sheep
  A hound skeleton (D:4)
  6 gnolls
  25 adders
  2 shadow imps
  47 river rats
  3 giant mites
  2 worms
  6 giant geckos
  2 oozes
  135 orcs
  A ball python (D:4)
  12 bats
  3 bat skeletons
  5 giant cockroaches
  13 hobgoblins
  2 jackals (D:1)
  20 kobolds
  3 giant newts
  A giant spore (D:10)
  23 goblins
  A jackal skeleton (D:4)
  20 quokkas
  A quokka zombie (D:7)
  14 rats
  A ballistomycete (D:10)
  4 fungi
  A plant (Lair:8)
1273 creatures vanquished.

Vanquished Creatures (collateral kills)
  A deep elf demonologist (Elf:2)
  A centaur warrior (D:15)
  A centaur skeleton (D:12)
  A troll (D:12)
  2 ravens (D:15)
  A shadow (D:15)
  A hungry ghost (D:12)
  4 ice beasts (D:15)
  2 centaurs (D:12)
  A worker ant (Lair:6)
  Ijyb (D:4)
  An orc (D:12)
  A kobold (D:12)
18 creatures vanquished.

Vanquished Creatures (others)
  A vampire mosquito (D:12)
  A bat (D:1)
  68 fungi
  28 plants
  5 snaplasher vines
  155 snaplasher vine segments
258 creatures vanquished.

Grand Total: 1549 creatures vanquished

Notes
Turn   | Place    | Note
--------------------------------------------------------------
     0 | D:1      | faibistes, the Deep Elf Wizard, began the quest for the Orb.
     0 | D:1      | Reached XP level 1. HP: 10/10 MP: 6/6
   245 | D:2      | Found a stormy altar of Qazlal.
   245 | D:2      | Noticed a water elemental
   593 | D:1      | Reached XP level 2. HP: 12/15 MP: 1/10
   601 | D:1      | Learned a level 2 spell: Blink
   604 | D:1      | Learned a level 2 spell: Call Imp
  1121 | D:1      | Reached skill level 5 in Spellcasting
  1582 | D:2      | Reached XP level 3. HP: 19/19 MP: 12/14
  1587 | D:2      | Learned a level 3 spell: Conjure Flame
  1591 | D:2      | Learned a level 3 spell: Mephitic Cloud
  1813 | D:2      | Noticed an air elemental
  1839 | D:2      | Noticed a fire elemental
  1839 | D:2      | Noticed an earth elemental
  2267 | D:2      | Reached XP level 4. HP: 24/24 MP: 14/17
  2280 | D:2      | Learned a level 2 spell: Repel Missiles
  2593 | D:4      | Noticed Ijyb
  2613 | D:4      | Killed Ijyb
  2683 | D:4      | Reached skill level 6 in Spellcasting
  2683 | D:4      | Reached XP level 5. HP: 17/28 MP: 1/20
  2803 | D:4      | Noticed an ogre
  2814 | D:4      | Killed an ogre
  2884 | D:5      | Entered Level 5 of the Dungeon
  3190 | D:4      | Reached XP level 6. HP: 8/32 MP: 15/22
  3510 | D:4      | Reached skill level 7 in Spellcasting
  3589 | D:4      | Noticed Duvessa
  3591 | D:4      | Noticed Dowan
  3604 | D:4      | Killed Duvessa
  3614 | D:4      | Killed Dowan
  4269 | D:4      | Reached XP level 7. HP: 23/36 MP: 25/25
  4492 | D:5      | Noticed an ogre
  4498 | D:5      | Killed an ogre
  4498 | D:5      | Reached skill level 1 in Fighting
  4498 | D:5      | Reached skill level 1 in Evocations
  4583 | D:5      | Found an opulent altar of Gozag.
  4638 | D:5      | Noticed an ice beast
  4663 | D:5      | Reached skill level 8 in Spellcasting
  4664 | D:5      | Killed an ice beast
  4916 | D:5      | Noticed an ogre
  4923 | D:5      | Killed an ogre
  4923 | D:5      | Reached skill level 5 in Dodging
  4954 | D:6      | Found a staircase to the Ecumenical Temple.
  4986 | Temple   | Entered the Ecumenical Temple
  5048 | Temple   | Became a worshipper of Sif Muna the Loreminder
  5327 | D:6      | Reached XP level 8. HP: 44/44 MP: 18/27
  5497 | D:6      | Reached skill level 1 in Air Magic
  5584 | D:6      | Found a shadowy altar of Dithmenos.
  5788 | D:6      | Acquired Sif Muna's first power
  5788 | D:6      | Reached skill level 9 in Spellcasting
  5788 | D:6      | Reached skill level 1 in Fire Magic
  5862 | D:7      | Noticed Eustachio
  5890 | D:6      | Reached skill level 1 in Poison Magic
  5911 | D:6      | Noticed Grinder
  6180 | D:6      | Killed Grinder
  6513 | D:6      | Reached skill level 5 in Conjurations
  6639 | D:6      | Found a shimmering altar of Xom.
  6642 | D:6      | Found a stormy altar of Qazlal.
  6823 | D:7      | Killed Eustachio
  6823 | D:7      | Acquired Sif Muna's second power
  6823 | D:7      | Reached XP level 9. HP: 46/48 MP: 14/29
  7026 | D:7      | Got a jewelled falchion
  7027 | D:7      | Identified the +3 falchion "Qefret" {flame, rElec rPois rN++ MP-9 Int-2} (You found it on level 7 of the Dungeon)
  7102 | D:7      | Noticed Joseph
  7140 | D:7      | Killed Joseph
  7804 | D:7      | Noticed Crazy Yiuf
  7816 | D:7      | Killed Crazy Yiuf
  8258 | D:8      | Found a shimmering altar of Xom.
  8315 | D:8      | Reached skill level 10 in Spellcasting
  8400 | D:8      | Reached skill level 1 in Invocations
  8592 | D:8      | Reached skill level 1 in Charms
  9358 | D:8      | Reached XP level 10. HP: 54/54 MP: 25/31
  9541 | D:10     | Entered Level 10 of the Dungeon
  9620 | D:10     | Found Nierinn's Distillery.
 10056 | D:9      | Reached skill level 5 in Fire Magic
 10669 | D:9      | Acquired Sif Muna's third power
 11031 | D:9      | Found a staircase to the Lair.
 11036 | Lair:1   | Entered Level 1 of the Lair of Beasts
 11218 | Lair:1   | Reached skill level 11 in Spellcasting
 11330 | Lair:1   | Noticed Erica
 11334 | Lair:1   | Noticed an eight-headed hydra
 11377 | Lair:1   | Killed an eight-headed hydra
 11377 | Lair:1   | Reached skill level 5 in Translocations
 12283 | Lair:1   | Reached XP level 11. HP: 50/60 MP: 23/33
 12299 | Lair:1   | Learned a level 4 spell: Iskenderun's Mystic Blast
 12305 | Lair:1   | Learned a level 5 spell: Bolt of Magma
 12591 | Lair:1   | Noticed Harold
 12599 | Lair:1   | Killed Harold
 12599 | Lair:1   | Reached skill level 1 in Earth Magic
 12599 | Lair:1   | Reached skill level 5 in Invocations
 13448 | Lair:1   | Reached skill level 5 in Charms
 13607 | Lair:1   | Killed Erica
 14012 | Lair:1   | Reached skill level 5 in Evocations
 14570 | Lair:2   | HP: 3/60 [poisoned by a spiny frog]
 14576 | Lair:2   | HP: 2/60 [poisoned by a spiny frog]
 14584 | Lair:2   | HP: 2/60 [poisoned by a spiny frog]
 15099 | Lair:2   | Noticed a black mamba
 15103 | Lair:2   | Killed a black mamba
 15361 | Lair:2   | Reached skill level 12 in Spellcasting
 15607 | Lair:2   | Received a gift from Sif Muna
 15608 | Lair:2   | Identified Sif Muna's Papyrus of Sinister Attacks (Sif Muna gifted it to you on level 2 of the Lair of Beasts)
 15614 | Lair:2   | Learned a level 4 spell: Sticky Flame
 16150 | Lair:3   | Noticed a death yak
 16164 | Lair:2   | Reached XP level 12. HP: 66/66 MP: 31/35
 17459 | Lair:3   | Noticed a death yak
 17462 | Lair:3   | Noticed a death yak
 17463 | Lair:3   | Noticed a death yak
 17477 | Lair:3   | Killed a death yak
 17540 | Lair:3   | Noticed a death yak
 17542 | Lair:3   | Killed a death yak
 17880 | Lair:3   | Found a staircase to the Swamp.
 17881 | Lair:3   | Noticed a seven-headed hydra
 17893 | Lair:3   | Killed a seven-headed hydra
 17913 | Lair:3   | Reached skill level 5 in Earth Magic
 18059 | Lair:3   | Noticed a four-headed hydra
 18064 | Lair:3   | Killed a four-headed hydra
 18171 | Lair:3   | Killed a death yak
 18173 | Lair:3   | Killed a death yak
 18173 | Lair:3   | Reached skill level 13 in Spellcasting
 18178 | Lair:3   | Killed a death yak
 18178 | Lair:3   | Received a gift from Sif Muna
 18179 | Lair:3   | Identified Asmodeus' Papyrus of Conjuration and Flames (Sif Muna gifted it to you on level 3 of the Lair of Beasts)
 19256 | Lair:6   | Found a staircase to the Slime Pits.
 19256 | Lair:6   | Found a viscous altar of Jiyva.
 19391 | Lair:4   | Noticed Snorg
 19398 | Lair:4   | Killed Snorg
 19398 | Lair:4   | Reached XP level 13. HP: 70/72 MP: 18/36
 20628 | Lair:5   | Noticed Rupert
 20638 | Lair:5   | Paralysed by Rupert for 2 turns
 21013 | Lair:5   | Reached skill level 5 in Fighting
 21223 | Lair:5   | Paralysed by Rupert for 2 turns
 21245 | Lair:5   | Killed Rupert
 21847 | Lair:5   | Found a hole to the Spider Nest.
 24402 | Lair:6   | Received a gift from Sif Muna
 24407 | Lair:6   | Learned a level 2 spell: Shroud of Golubria
 24412 | Lair:6   | Learned a level 4 spell: Passage of Golubria
 25385 | Lair:8   | Entered Level 8 of the Lair of Beasts
 25963 | Lair:7   | Reached XP level 14. HP: 78/78 MP: 24/37
 27422 | Lair:8   | Reached skill level 14 in Spellcasting
 29343 | Lair:4   | Reached skill level 10 in Invocations
 29640 | D:11     | Found a staircase to the Orcish Mines.
 29874 | D:10     | Noticed a hill giant
 29882 | D:10     | Killed a hill giant
 30079 | D:10     | Noticed a cyclops
 30089 | D:10     | Killed a cyclops
 30089 | D:10     | Reached skill level 10 in Translocations
 30318 | D:10     | Noticed a hill giant
 30325 | D:10     | Killed a hill giant
 31510 | D:11     | Noticed Erolcha
 31514 | D:11     | Killed Erolcha
 32481 | Orc:1    | Entered Level 1 of the Orcish Mines
 32909 | Lair:2   | Learned a level 6 spell: Statue Form
 33365 | Orc:2    | Found Qireris' Distillery.
 33372 | Orc:2    | Bought a potion of heal wounds for 60 gold pieces
 33724 | Orc:2    | Noticed Maurice
 33902 | Orc:2    | Killed Maurice
 34145 | Orc:3    | Found a radiant altar of Vehumet.
 34156 | Orc:3    | Noticed an orc warlord
 34169 | Orc:2    | Killed an orc warlord
 34169 | Orc:2    | Received a gift from Sif Muna
 34169 | Orc:2    | Reached skill level 1 in Transmutations
 34615 | Orc:4    | Entered Level 4 of the Orcish Mines
 34615 | Orc:4    | Noticed Nergalle
 34615 | Orc:4    | Noticed Gastronok
 34618 | Orc:4    | Killed Nergalle
 34626 | Orc:4    | Killed Gastronok
 35061 | Orc:3    | Found a staircase to the Elven Halls.
 35807 | Orc:3    | Found a roughly hewn altar of Beogh.
 36292 | Orc:3    | Reached XP level 15. HP: 84/84 MP: 15/39
 36625 | Orc:4    | Reached skill level 10 in Dodging
 37448 | Orc:4    | Noticed Fannar
 37452 | Orc:4    | Killed Fannar
 37839 | Orc:4    | Found Uxotut's Magic Scroll Shoppe.
 37839 | Orc:4    | Found Ufotath's Assorted Antiques.
 37842 | Orc:4    | Found Credifot's Antique Weapon Shop.
 37844 | Orc:4    | Found Mebbat's General Store.
 37849 | Orc:4    | Bought a scroll of blinking for 105 gold pieces
 37849 | Orc:4    | Bought 3 scrolls of teleportation for 126 gold pieces
 37851 | Orc:4    | Bought a scroll of enchant weapon for 135 gold pieces
 37854 | Orc:4    | Bought a scroll of identify for 36 gold pieces
 37854 | Orc:4    | Bought a scroll of enchant armour for 135 gold pieces
 37858 | Orc:4    | Bought a slimy dagger for 140 gold pieces
 37858 | Orc:4    | Identified the +0 dagger of Jurachul {drain, *Rage rF- Dex+7} (You bought it in a shop on level 4 of the Orcish Mines)
 37863 | Orc:4    | Bought a bone wand for 124 gold pieces
 37992 | Orc:4    | Reached skill level 15 in Spellcasting
 39020 | Elf:1    | Entered Level 1 of the Elven Halls
 39440 | Elf:1    | Identified the Tome of Summoning
 39617 | Elf:1    | Received a gift from Sif Muna
 39624 | Elf:1    | Identified Afrolimn's Disquisition on the Compass (Sif Muna gifted it to you on level 1 of the Elven Halls)
 40102 | Elf:2    | Found a magical portal.
 40566 | Elf:1    | HP: 4/84 [poisoned by a redback]
 40572 | Elf:1    | HP: 4/84 [poisoned by a redback]
 40580 | Elf:1    | HP: 4/84 [poisoned by a redback]
 41029 | Elf:1    | Learned a level 5 spell: Summon Forest
 41223 | Elf:2    | Noticed Louise
 41230 | Elf:2    | Reached skill level 10 in Earth Magic
 41231 | Elf:2    | Killed Louise
 41498 | Elf:2    | Reached skill level 10 in Conjurations
 41712 | Elf:2    | Reached skill level 10 in Fire Magic
 42313 | Elf:2    | Found Kiru's Book Shoppe.
 42325 | Elf:2    | Bought a book of the Warp for 1710 gold pieces
 42331 | Elf:2    | Learned a level 4 spell: Force Lance
 42445 | Elf:2    | Found a huge runed gate.
 42445 | Elf:2    | Found a huge runed gate.
 42445 | Elf:2    | Found a huge runed gate.
 42512 | Elf:2    | Found a huge runed gate.
 42512 | Elf:2    | Found a huge runed gate.
 43014 | Lair:2   | Learned a level 6 spell: Iron Shot
 43783 | Elf:2    | Received a gift from Sif Muna
 44365 | Elf:2    | Reached XP level 16. HP: 77/90 MP: 15/40
 44423 | Elf:2    | Reached skill level 16 in Spellcasting
 45305 | Lair:2   | Learned a level 5 spell: Ignite Poison
 45821 | D:12     | Noticed Nessos
 45830 | D:12     | Killed Nessos
 46543 | D:12     | Found Urowusme's General Store.
 46755 | D:12     | Found an ancient bone altar of Kikubaaqudgha.
 47611 | D:13     | Got a warped flail
 47612 | D:13     | Identified the +9 flail of Slow Death {antimagic, -Cast +Blink Int+3 SInv} (You took it off a centaur on level 13 of the Dungeon)
 49071 | D:14     | Found a glowing golden altar of the Shining One.
 49183 | D:15     | Entered Level 15 of the Dungeon
 49249 | D:14     | Noticed Maud
 49261 | D:14     | Killed Maud
 49425 | D:14     | Found a gate to the Vaults.
 49689 | D:14     | Received a gift from Sif Muna
 52959 | D:15     | Found a staircase to the Depths.
 52962 | D:15     | Reached skill level 17 in Spellcasting
 53265 | D:15     | Reached XP level 17. HP: 55/97 MP: 31/41
 53698 | Lair:2   | Learned a level 5 spell: Lee's Rapid Deconstruction
 53813 | Spider:1 | Entered Level 1 of the Spider Nest
 54938 | Spider:1 | Received a gift from Sif Muna
 54939 | Spider:1 | Identified Sif Muna's Papyrus of Scorching Attacks (Sif Muna gifted it to you on level 1 of the Spider Nest)
 55194 | Lair:2   | Learned a level 5 spell: Fireball
 55526 | Spider:1 | Noticed Urug
 55529 | Spider:1 | Killed Urug
 56820 | Spider:1 | Got a vibrating bone ring
 56822 | Spider:1 | Identified the ring of Strushryh {Wiz +Blink rF++ MR- MP+9 Dex-3} (You found it on level 1 of the Spider Nest)
 57179 | Spider:2 | Slain by a wolf spider

Action                   |  1- 3 |  4- 6 |  7- 9 | 10-12 | 13-15 | 16-18 || total
-------------------------+-------+-------+-------+-------+-------+-------++-------
Melee: Unarmed           |     1 |       |       |       |       |    18 ||    19
       Short sword       |     2 |       |       |       |       |       ||     2
       Dagger            |       |    23 |    79 |   229 |   493 |    45 ||   869
       Staff             |       |       |       |       |       |     7 ||     7
 Cast: Magic Dart        |    91 |    60 |   353 |   428 |    44 |       ||   976
       Call Imp          |     2 |     1 |       |       |       |       ||     3
       Conjure Flame     |       |    14 |    24 |    74 |    84 |    12 ||   208
       Blink             |       |     3 |    13 |     8 |    22 |     3 ||    49
       Repel Missiles    |       |     1 |       |     1 |     2 |     4 ||     8
       Mephitic Cloud    |       |     8 |    25 |    28 |    29 |     3 ||    93
       Bolt of Magma     |       |       |       |    75 |   354 |   213 ||   642
       Iskenderun's Myst |       |       |       |    25 |    93 |    17 ||   135
       Sticky Flame      |       |       |       |    16 |   217 |    21 ||   254
       Force Lance       |       |       |       |       |    18 |    93 ||   111
       Summon Forest     |       |       |       |       |     1 |     2 ||     3
       Ignite Poison     |       |       |       |       |       |    53 ||    53
       Fireball          |       |       |       |       |       |    36 ||    36
       Lee's Rapid Decon |       |       |       |       |       |     1 ||     1
Invok: Channel Energy    |       |       |       |    28 |    51 |    42 ||   121
Evoke: Wand              |       |       |     3 |     1 |     8 |     3 ||    15
  Use: Scroll            |     1 |     5 |     7 |    17 |    15 |     7 ||    52
       Potion            |       |       |       |     1 |     7 |     3 ||    11
 Stab: Sleeping          |     1 |       |     2 |       |       |       ||     3
       Confused          |       |     3 |     2 |     3 |       |       ||     8
  Eat: Chunk             |     4 |     6 |    17 |    32 |    57 |    28 ||   144
       Fruit             |       |       |       |     3 |     9 |    10 ||    22
       Bread ration      |       |       |       |     1 |       |       ||     1
       Royal jelly       |       |       |       |       |     1 |     4 ||     5
       Beef jerky        |       |       |       |       |     7 |     1 ||     8
       Pizza             |       |       |       |       |     5 |       ||     5
